 Dungeon Crawl Stone Soup version 0.30.1-3-gfc49f6343a (webtiles) character file.

Game seed: 3182300622216325933

5497 wingedge the Covert (level 10, -4/79 HPs)
             Began as a Vampire Enchanter on Aug 8, 2023.
             Was an Initiate of Gozag.
             Slain by a freezing wraith (10 damage)
             ... on level 9 of the Dungeon on Aug 9, 2023.
             The game lasted 00:29:38 (7014 turns).

wingedge the Covert (Vampire Enchanter)             Turns: 7014, Time: 00:29:39

Health: -4/79      AC:  4    Str:  7    XL:     10   Next: 42%
Magic:  17/19      EV: 15    Int: 21    God:    Gozag
Gold:   866        SH:  0    Dex: 16    Spells: 13/21 levels left

rFire   . . .        a - +2 dagger (freeze)
rCold   . . .        (no shield)
rNeg    . . .        g - +0 robe
rPois   .            (no helmet)
rElec   .            D - scarf {repulsion}
rCorr   .            A - +1 pair of gloves
SInv    +            (no boots)
Will    +....        c - amulet of regeneration
Stlth   +++++        (no ring)
HPRegen 1.33/turn    (no ring)
MPRegen 0.16/turn

%: repel missiles
@: confusing by touch, healing quickly, hasted and slowed
A: alive, fangs 3, see invisible, vampiric 2
a: Exsanguinate, Renounce Religion, Potion Petition, Call Merchant, Bribe Branch


You were on level 9 of the Dungeon.
You worshipped Gozag.
Gozag was pleased with you.
You visited 2 branches of the dungeon, and saw 10 of its levels.
You also visited: Sewer.

You collected 941 gold pieces.
You paid 75 gold pieces to Gozag.

Inventory:

Hand Weapons
 a - a +2 dagger of freezing (weapon)
 b - the +1 spear of Evolution {drain, rPois rC++}
   (You found it on level 3 of the Dungeon)

   rC:        It greatly protects you from cold.
   rPois:     It protects you from poison.
 C - the +3 falchion "Estrimam" {distort, MP+9}
   (You found it on level 4 of the Dungeon)

   MP:        It affects your magic capacity (+9).
 R - a +1 dagger of venom
Missiles
 r - 4 javelins (quivered)
 u - 18 poisoned darts
 N - a throwing net
Armour
 d - a +0 leather armour
 g - a +0 robe (worn)
 A - a +1 pair of gloves (worn)
 D - a scarf of repulsion (worn)
 H - a +0 ring mail
Magical Staves
 e - a staff of poison
 h - a staff of cold
Jewellery
 c - an amulet of regeneration (around neck)
Wands
 K - a wand of mindburst (13)
 P - a wand of acid (11)
 Q - a wand of roots (7)
Scrolls
 f - a scroll of fog
 k - 3 scrolls of amnesia
 l - a scroll of brand weapon
 n - a scroll of fear
 o - a scroll of enchant armour
 q - a scroll of vulnerability {unknown}
 t - 2 scrolls of immolation
 y - 3 scrolls of teleportation
 B - a scroll of magic mapping {unknown}
 E - 2 scrolls of blinking {unknown}
 F - 2 scrolls of noise {unknown}
 G - 2 scrolls of summoning {unknown}
 I - a scroll of silence {unknown}
 O - 2 scrolls of torment {unknown}
Potions
 i - 2 potions of magic {unknown}
 m - 3 potions of haste
 p - 2 potions of attraction
 s - 8 potions of curing
 v - 3 potions of flight
 w - 2 potions of heal wounds
 x - a potion of cancellation
 z - a potion of lignification {unknown}
 J - 2 potions of mutation {unknown}
 L - a potion of berserk rage {unknown}


   Skills:
 + Level 7.1 Fighting
 - Level 6.0 Short Blades
 - Level 6.0 Dodging
 - Level 13.0 Stealth
 - Level 6.0 Spellcasting
 - Level 7.0 Hexes
 - Level 3.0 Ice Magic


You had 13 spell levels left.
You knew the following spells:

 Your Spells              Type           Power      Damage    Failure   Level
a - Ensorcelled Hibernat  Hex/Ice        54%        N/A       1%          2
b - Confusing Touch       Hex            35%        N/A       1%          3
c - Tukima's Dance        Hex            35%        N/A       1%          3

Your spell library contained the following spells:

 Spells                   Type           Power      Damage    Failure   Level
 Dazzling Flash           Conj/Hex       42%        N/A       7%          3
 Magic Dart               Conj           24%        1d4       10%         1
 Necrotise                Necr           24%        1d5       10%         1
 Blink                    Tloc           12%        N/A       14%         2
 Call Imp                 Summ           12%        N/A       14%         2
 Cigotuvi's Dreadful Rot  Necr/Pois/Air  12%        N/A       14%         2
 Lesser Beckoning         Tloc           12%        N/A       14%         2
 Momentum Strike          Conj/Tloc      12%        3d8       14%         2
 Mephitic Cloud           Conj/Pois/Air  6%         N/A       28%         3
 Vampiric Draining        Necr           6%         2d6       28%         3
 Manifold Assault         Tloc           6%         N/A       67%         4
 Agony                    Necr           6%         N/A       95%         5
 Storm Form               Tmut/Air       3%         N/A       100%        7


Dungeon Overview and Level Annotations

Branches:
Dungeon (9/15)             Temple (1/1) D:5           Sewer (visited)
   Lair: D:8-11         Orc: D:9-12

Altars:
Ashenzari
Cheibriados
Dithmenos
Fedhas
Gozag
Kikubaaqudgha
Makhleb
Nemelex Xobeh
Okawaru
Ru
Sif Muna
Trog
Uskayaw
Vehumet
Wu Jian
Xom
Yredelemnul

Annotations:
D:4 2 runed translucent doors, Jim1488's ghost, amateur TrFi
D:6 2 transporters, bairyn's ghost, amateur SpRe
D:8 dig


Innate Abilities, Weirdness & Mutations

Your natural rate of healing is accelerated.
You have razor-sharp teeth.
You have supernaturally acute eyesight. (SInv)
You are afflicted with vampirism and can become a bat while bloodless.


Message History

Confirm with . or Enter, or press ? or * to list all spells.
Aiming: Ensorcelled Hibernation (safe; 1% risk of failure)
Press: ? - help, Shift-Dir - straight line, f/p - yak
Aim: a yak (chance to affect: 58%)
The yak looks drowsy...
The helpless yak fails to defend itself.
You spit the yak like a pig!!!! You freeze the yak!
You kill the yak!
Training target 13.0 for Stealth reached!
Your Stealth skill increases to level 13!
You need to enable at least one skill for training.
You start resting.
HP restored.
Magic restored.
You now have 866 gold pieces (gained 37).
A freezing wraith is nearby!
Casting: Ensorcelled Hibernation (safe; 1% risk of failure)
Confirm with . or Enter, or press ? or * to list all spells.
Okay, then.
Press: ? - help, v - describe, . - travel
Here: a freezing wraith The floor.
Casting: Ensorcelled Hibernation (safe; 1% risk of failure)
Confirm with . or Enter, or press ? or * to list all spells.
Your hands begin to glow red.
You closely miss the freezing wraith. The freezing wraith barely misses you.
The freezing wraith hits you. The freezing wraith drains your vigour!
You feel yourself slow down.
You hit the freezing wraith but do no damage.
The freezing wraith hits you! The freezing wraith freezes you!!
The freezing wraith closely misses you.
You closely miss the freezing wraith. The freezing wraith hits you!
The freezing wraith freezes you! The freezing wraith hits you.
You feel yourself speed up. The freezing wraith hits you.
* * * LOW HITPOINT WARNING * * *
The freezing wraith freezes you!
* * * LOW HITPOINT WARNING * * *
The freezing wraith hits you!
You die...
Your body crumbles into a pile of gold.

#.######....#
#.#"........# .
#.#.........#
#..#####.#.........#
.........#.........# .
.........#.........#..
##....................
#.#####.............# ...
.. ##....@W.......##... #
#...................
#..######....#...W##
#..#}.........(....$
######>.#......##........
#.......#......##W$......
#.####..#................
####..#....#..Y○#......
#.....J.YY)J$..B# .....


You could see a freezing wraith.

Vanquished Creatures
  A hydra (D:9)
  A two-headed ogre (D:7)
  A manticore (D:9)
  Joseph (D:8)
  Maurice (D:8)
  A troll (D:8)
  Sigmund (D:2)
  3 yaks (D:9)
  A steam dragon (D:8)
  Menkaure (D:4)
  4 water moccasins
  2 orc warriors
  Pargi (D:4)
  2 ice beasts
  A black bear (D:5)
  An ogre (D:6)
  A phantom (D:4)
  2 kobold brigands (Sewer)
  3 bullfrogs
  2 scorpions
  A howler monkey (D:8)
  5 hounds
  Crazy Yiuf (D:4)
  4 orc priests (D:7)
  A sleepcap (D:7)
  Jessica (D:2)
  2 orc wizards
  Terence (D:2)
  A gnoll (D:7)
  4 adders
  A river rat (Sewer)
  2 shadow imps (D:7)
  3 white imps
  An ufetubus (D:6)
  2 worms
  A dart slug (D:2)
  23 orcs
  6 ball pythons
  5 endoplasms
  4 giant cockroaches
  9 goblins
  8 hobgoblins
  A jackal (Sewer)
  13 kobolds
  3 quokkas
  5 bats
  5 frilled lizards
  10 rats
154 creatures vanquished.

Notes
Turn   | Place    | Note
-------+----------+-------------------------------------------
     0 | D:1      | wingedge the Vampire Enchanter began the quest for the Orb.
     0 | D:1      | Reached XP level 1. HP: 13/13 MP: 3/3
   167 | D:1      | Reached skill level 1 in Ice Magic
   286 | D:1      | Reached XP level 2. HP: 19/19 MP: 5/5
   367 | D:1      | Learned a level 2 spell: Ensorcelled Hibernation
   798 | D:1      | Gained mutation: You are afflicted with vampirism and can
                  | become a bat while bloodless. [Vampire growth]
   798 | D:1      | Reached XP level 3. HP: 24/24 MP: 6/6
   804 | D:1      | Learned a level 3 spell: Confusing Touch
   967 | D:2      | Noticed Sigmund
   970 | D:2      | Killed Sigmund
   971 | D:2      | Reached skill level 5 in Hexes
   971 | D:2      | Reached skill level 5 in Stealth
   971 | D:2      | Reached XP level 4. HP: 30/35 MP: 4/7
   971 | D:2      | Reached XP level 5. HP: 36/41 MP: 4/8
  1000 | D:2      | Noticed Terence
  1031 | D:2      | Killed Terence
  1094 | D:2      | Reached skill level 6 in Stealth
  1244 | D:2      | Noticed Jessica
  1260 | D:2      | HP: 1/41 [frozen (5)]
  1269 | D:2      | Killed Jessica
  1270 | D:2      | Reached XP level 6. HP: 43/47 MP: 2/9
  1332 | D:2      | Found a faded altar of an unknown god.
  1505 | D:3      | Found a glowing drain.
  1524 | D:3      | Learned a level 3 spell: Tukima's Dance
  1561 | Sewer    | Entered a sewer
  1653 | Sewer    | Reached skill level 7 in Stealth
  1689 | Sewer    | Reached skill level 8 in Stealth
  1995 | D:3      | Identified the +1 spear of Evolution {drain, rPois rC++}
  2449 | D:4      | Reached XP level 7. HP: 52/52 MP: 2/11
  2527 | D:4      | Noticed Pargi
  2540 | D:4      | Killed Pargi
  2734 | D:4      | Found a large runed translucent door.
  2734 | D:4      | Found a large runed translucent door.
  2736 | D:4      | Noticed Jim1488's ghost (amateur TrFi)
  2747 | D:4      | Identified the +3 falchion "Estrimam" {distort, MP+9}
  2764 | D:4      | Noticed Menkaure
  2781 | D:4      | Killed Menkaure
  2879 | D:4      | Found a runed translucent door.
  2880 | D:4      | Noticed Crazy Yiuf
  2887 | D:4      | Killed Crazy Yiuf
  3047 | D:4      | Found a shimmering blue altar of Sif Muna.
  3055 | D:4      | Got Sif Muna's Incunabulum of Ouranomancy
  3060 | D:4      | Found a bloodstained altar of Trog.
  3172 | D:5      | Entered Level 5 of the Dungeon
  3272 | D:5      | Reached XP level 8. HP: 55/61 MP: 2/12
  3518 | D:5      | Found a staircase to the Ecumenical Temple.
  3531 | D:5      | Reached skill level 5 in Fighting
  3534 | Temple   | Entered the Ecumenical Temple
  3644 | Temple   | Became a worshipper of Gozag Ym Sagoz the Greedy
  4005 | D:6      | Noticed bairyn's ghost (amateur SpRe)
  4052 | D:6      | Reached skill level 9 in Stealth
  4176 | D:6      | Found a transporter.
  4178 | D:6      | Found a transporter.
  4219 | D:6      | Found a broken altar of Ashenzari.
  4236 | D:6      | Found a shadowy altar of Dithmenos.
  4247 | D:6      | Found a sacrificial altar of Ru.
  4279 | D:6      | Found a sparkling altar of Nemelex Xobeh.
  4300 | D:6      | Reached skill level 10 in Stealth
  4484 | D:6      | Reached skill level 5 in Short Blades
  4895 | D:7      | Reached XP level 9. HP: 68/68 MP: 6/15
  5440 | D:7      | Found a radiant altar of Vehumet.
  5619 | D:7      | Noticed a two-headed ogre
  5625 | D:7      | Killed a two-headed ogre
  5626 | D:7      | Reached skill level 5 in Dodging
  5626 | D:7      | Reached skill level 11 in Stealth
  5890 | D:8      | Reached skill level 12 in Stealth
  5924 | D:8      | Noticed a troll
  5926 | D:8      | Killed a troll
  6171 | D:8      | Noticed a centaur warrior
  6171 | D:8      | Noticed a boulder beetle
  6172 | D:8      | Noticed a meliai
  6273 | D:8      | Found a snail-covered altar of Cheibriados.
  6342 | D:8      | Noticed Joseph
  6346 | D:8      | Killed Joseph
  6347 | D:8      | Reached skill level 5 in Spellcasting
  6361 | D:8      | Noticed a catoblepas
  6366 | D:8      | Noticed a mana viper
  6367 | D:8      | Noticed a deep elf pyromancer
  6683 | D:8      | Noticed Maurice
  6687 | D:8      | Killed Maurice
  6688 | D:8      | Reached XP level 10. HP: 79/79 MP: 17/17
  6810 | D:9      | Found an ornate altar of the Wu Jian Council.
  6860 | D:9      | Noticed a five-headed hydra
  6865 | D:9      | Killed a five-headed hydra
  6889 | D:9      | Noticed a manticore
  6907 | D:9      | Killed a manticore
  6908 | D:9      | Noticed a boulder beetle
  6955 | D:9      | Reached skill level 13 in Stealth
  7014 | D:9      | Slain by a freezing wraith

Illustrated notes

Levels and vault maps discovered:
D:1:      minmay_arrival_widening_spiral_wide, layout_basic
D:2:      layout_rooms, hellmonk_ecumenical_altar_inner_sanctum,
          kennysheep_crisscross, uniq_jessica, uniq_terence, uniq_sigmund
D:3:      layout_loops_cross, gup_sewer_entry_glass, minmay_misc_feat_roman,
          minmay_misc_feat_encased, st_stairs_10, minmay_crystal_water
D:4:      layout_cave_pools, nzn_overflow_gifts_of_might_and_magic,
          ebering_ghost_disaster_area, uniq_pargi, uniq_menkaure,
          uniq_crazy_yiuf_cottage
D:5:      layout_basic, minmay_temple_entry_slanted
D:6:      layout_cave_pools, nicolae_overflow_quartered_altars,
          gammafunk_ghost_arena, patterned_corridor
D:7:      layout_basic, mainiacjoe_overflow_paths
D:8:      layout_loops_ring, good_gods_mini_temple, cheibriados_altar_1,
          onia_ninara_dug_in_and_dangerous, uniq_maurice, uniq_joseph
D:9:      minmay_cut_squares, layout_loops_cross,
          mainiacjoe_overflow_small_starburst, mainiacjoe_overflow_catwalk,
          serial_bayou_lagoon_a, minmay_variable_closet,
          hangedman_decor_riveting, minmay_shattered_shrine, uniq_psyche
Temple:   nicolae_temple_colour_theory

Skill      XL: |  1  2  3  4  5  6  7  8  9 10 |
---------------+-------------------------------+-----
Ice Magic      | 1 2 3 |  3.0
Fighting       | 3 4 5 7 |  7.1
Hexes          | 5 6 7 |  7.0
Short Blades   | 2 3 5 6 |  6.0
Stealth        | 5 6 8 10 12 13 | 13.0
Spellcasting   | 3 4 5 6 |  6.0
Dodging        | 4 5 6 |  6.0

Action                     |  1- 3 |  4- 6 |  7- 9 | 10-12 || total
---------------------------+-------+-------+-------+-------++-------
  Melee: Dagger            |    68 |   106 |   134 |    12 ||   320
         Bite              |     4 |     8 |     6 |     1 ||    19
         Punch             |       |     1 |     2 |       ||     3
   Cast: Ensorcelled Hiber |    15 |    16 |    55 |     4 ||    90
         Confusing Touch   |       |     4 |     6 |     2 ||    12
    Use: Potion            |     1 |     3 |       |     1 ||     5
         Scroll            |       |       |     8 |     1 ||     9
   Stab: Sleeping          |    16 |    19 |    57 |     5 ||    97
         Invisible         |     1 |       |       |       ||     1
         Confused          |       |     3 |     5 |       ||     8
 Armour: Robe              |    11 |    19 |    24 |       ||    54
  Dodge: Dodged            |    27 |    46 |    74 |     5 ||   152
         Repelled          |       |       |     2 |       ||     2
